[ AOE2 MATCH · #478038765 ]
UnrankedMuisca vs Romans
Player's team · LOSS
Rival team · WIN
[ REPLAY ANALYSIS · EXTRACTED FROM THE RECORDED GAME ]
Feudal
9:24
Castle
26:17
Imperial
—
| APM avg | 43.9 |
| APM peak | 91 |
| eAPM avg | 18.6 |
| Villagers / military | 92 / 34 |
Focus
⚔️ 30.8% · 🌾 69.2%
Archer ×26 · Unknown (2550) ×14 · Unknown (2562) ×11 · Skirmisher ×5 · Mangonel ×2 · Scorpion ×1
Feudal
8:52
Castle
21:34
Imperial
37:42
| APM avg | 43.2 |
| APM peak | 75 |
| eAPM avg | 21.3 |
| Villagers / military | 114 / 46 |
Focus
⚔️ 27.4% · 🌾 72.6%
Skirmisher ×16 · Militia ×12 · Archer ×11 · Mangonel ×3 · Monk ×2 · Battering Ram ×2
Match map
Initial resources + every placement click. Lines = walls · curves = elevation contours. ◆ gold · ⬟ stone · ● berries · ✦ relic · ◌ wall gap
Your base· ✓ Closed at 26:17 · 42t walls · 1 gate(s)
Ergalim's base· Open — unwalled flank
Smoothed initial terrain · ◌ = detected wall gap · hover for details
Inputs per minute
— mario ovalle - - Ergalim
Build order — mario ovalle
First 150 of 242 actions detected
| 0:00 | Create | Villager (Male) |
| 0:01 | Create | Villager (Male) |
| 0:01 | Create | Villager (Male) |
| 0:02 | Build | House |
| 0:03 | Build | House |
| 0:18 | Create | Villager (Male) |
| 0:18 | Create | Villager (Male) |
| 1:30 | Create | Villager (Male) |
| 1:45 | Build | Settlement |
| 2:11 | Create | Villager (Male) |
| 2:11 | Create | Villager (Male) |
| 2:19 | Create | Villager (Male) |
| 2:53 | Create | Villager (Male) |
| 2:53 | Create | Villager (Male) |
| 3:11 | Create | Villager (Male) |
| 3:11 | Create | Villager (Male) |
| 3:30 | Build | Settlement |
| 3:40 | Create | Villager (Male) |
| 3:41 | Create | Villager (Male) |
| 4:00 | Create | Villager (Male) |
| 4:23 | Create | Villager (Male) |
| 4:24 | Create | Villager (Male) |
| 5:04 | Create | Villager (Male) |
| 5:15 | Create | Villager (Male) |
| 5:37 | Create | Villager (Male) |
| 6:02 | Create | Villager (Male) |
| 6:02 | Research | Loom |
| 6:30 | Build | Barracks |
| 7:14 | Research | Feudal Age |
| 7:26 | Create | Unit 2550 |
| 7:40 | Build | Settlement |
| 7:46 | Create | Unit 2550 |
| 9:02 | Create | Villager (Male) |
| 9:08 | Build | House |
| 9:09 | Build | Palisade Wall |
| 9:24 | Age | Feudal Age |
| 9:29 | Create | Villager (Male) |
| 9:36 | Build | Archery Range |
| 9:41 | Build | Palisade Wall |
| 9:43 | Build | Palisade Wall |
| 9:47 | Build | House |
| 9:59 | Build | Palisade Wall |
| 10:01 | Build | Palisade Wall |
| 10:09 | Create | Villager (Male) |
| 10:09 | Create | Villager (Male) |
| 10:19 | Create | Villager (Male) |
| 10:21 | Research | Tech 1402 |
| 10:27 | Build | Palisade Gate |
| 10:57 | Create | Villager (Male) |
| 11:02 | Create | Unit 2550 |
| 11:17 | Build | Archery Range |
| 11:24 | Create | Archer |
| 11:24 | Create | Archer |
| 11:36 | Build | House |
| 11:38 | Build | House |
| 12:04 | Create | Villager (Male) |
| 12:11 | Create | Archer |
| 12:30 | Create | Villager (Male) |
| 12:31 | Create | Villager (Male) |
| 12:31 | Create | Villager (Male) |
| 12:33 | Build | Farm |
| 12:46 | Create | Archer |
| 12:46 | Create | Archer |
| 12:50 | Build | Palisade Wall |
| 12:55 | Create | Villager (Male) |
| 12:58 | Build | House |
| 13:04 | Create | Archer |
| 13:20 | Build | Farm |
| 13:36 | Create | Archer |
| 13:36 | Create | Archer |
| 13:40 | Create | Villager (Male) |
| 13:55 | Build | Farm |
| 14:05 | Build | House |
| 14:05 | Build | House |
| 14:12 | Create | Archer |
| 14:23 | Create | Villager (Male) |
| 14:33 | Create | Archer |
| 14:48 | Research | Double-Bit Axe |
| 14:56 | Create | Villager (Male) |
| 14:57 | Create | Archer |
| 14:57 | Create | Archer |
| 15:15 | Create | Villager (Male) |
| 15:33 | Create | Villager (Male) |
| 15:44 | Create | Skirmisher |
| 15:44 | Create | Skirmisher |
| 15:44 | Create | Skirmisher |
| 16:02 | Build | Blacksmith |
| 16:08 | Create | Villager (Male) |
| 16:19 | Create | Villager (Male) |
| 16:43 | Create | Villager (Male) |
| 17:22 | Build | Settlement |
| 17:24 | Create | Archer |
| 17:25 | Create | Archer |
| 17:39 | Create | Archer |
| 17:40 | Create | Skirmisher |
| 17:50 | Build | Farm |
| 17:51 | Build | Farm |
| 17:56 | Create | Archer |
| 17:56 | Create | Skirmisher |
| 18:15 | Build | Farm |
| 18:17 | Build | Farm |
| 18:19 | Build | Farm |
| 18:25 | Build | House |
| 18:26 | Build | House |
| 18:29 | Build | Palisade Wall |
| 18:33 | Create | Archer |
| 18:42 | Build | Farm |
| 18:51 | Build | Farm |
| 18:52 | Build | Farm |
| 19:05 | Create | Villager (Male) |
| 19:09 | Create | Archer |
| 19:10 | Create | Archer |
| 19:13 | Build | Farm |
| 19:26 | Build | Palisade Wall |
| 19:27 | Create | Villager (Male) |
| 19:33 | Build | Watch Tower |
| 19:35 | Create | Villager (Male) |
| 19:51 | Build | Farm |
| 19:53 | Create | Archer |
| 19:53 | Create | Archer |
| 19:58 | Research | Fletching |
| 19:58 | Research | Fletching |
| 20:17 | Create | Villager (Male) |
| 20:17 | Create | Villager (Male) |
| 20:18 | Create | Archer |
| 20:18 | Create | Archer |
| 20:34 | Build | Watch Tower |
| 20:39 | Create | Villager (Male) |
| 20:44 | Create | Villager (Male) |
| 20:56 | Build | House |
| 20:57 | Create | Villager (Male) |
| 21:15 | Build | House |
| 21:17 | Build | Palisade Wall |
| 21:21 | Create | Villager (Male) |
| 21:31 | Build | House |
| 21:35 | Create | Villager (Male) |
| 21:38 | Build | Farm |
| 21:53 | Create | Villager (Male) |
| 21:56 | Build | Farm |
| 22:02 | Create | Villager (Male) |
| 22:37 | Build | Market |
| 22:47 | Create | Villager (Male) |
| 22:58 | Build | Farm |
| 23:04 | Create | Archer |
| 23:04 | Create | Archer |
| 23:37 | Research | Castle Age |
| 23:39 | Build | House |
| 23:40 | Build | House |
| 23:41 | Build | House |
| 23:53 | Build | House |
Build order — Ergalim
First 150 of 322 actions detected
| 0:02 | Create | Villager (Male) |
| 0:02 | Create | Villager (Male) |
| 0:04 | Build | House |
| 0:07 | Build | House |
| 0:39 | Create | Villager (Male) |
| 0:40 | Create | Villager (Male) |
| 1:25 | Create | Villager (Male) |
| 1:45 | Build | Lumber Camp |
| 1:57 | Create | Villager (Male) |
| 2:23 | Create | Villager (Male) |
| 2:49 | Create | Villager (Male) |
| 3:10 | Create | Villager (Male) |
| 3:37 | Create | Villager (Male) |
| 3:51 | Build | House |
| 3:58 | Create | Villager (Male) |
| 3:59 | Create | Villager (Male) |
| 4:39 | Create | Villager (Male) |
| 4:41 | Create | Villager (Male) |
| 5:16 | Create | Villager (Male) |
| 5:20 | Research | Loom |
| 6:03 | Build | Mining Camp |
| 6:28 | Build | Barracks |
| 6:42 | Research | Feudal Age |
| 6:58 | Build | House |
| 7:22 | Build | Palisade Wall |
| 7:22 | Build | Palisade Wall |
| 7:23 | Build | Palisade Wall |
| 7:24 | Build | Palisade Wall |
| 7:25 | Build | House |
| 7:26 | Create | Militia |
| 7:26 | Create | Militia |
| 7:26 | Create | Militia |
| 7:42 | Build | Palisade Wall |
| 7:44 | Build | Palisade Wall |
| 8:39 | Create | Villager (Male) |
| 8:52 | Age | Feudal Age |
| 8:55 | Build | Archery Range |
| 9:04 | Build | House |
| 9:07 | Build | Palisade Wall |
| 9:13 | Create | Villager (Male) |
| 9:15 | Research | Man-at-Arms (upgrade) |
| 9:23 | Build | Mill |
| 9:40 | Create | Villager (Male) |
| 9:47 | Create | Villager (Male) |
| 9:50 | Create | Archer |
| 10:24 | Create | Archer |
| 10:35 | Create | Archer |
| 10:38 | Create | Archer |
| 10:41 | Create | Villager (Male) |
| 10:55 | Build | Farm |
| 10:57 | Build | Farm |
| 11:02 | Create | Villager (Male) |
| 11:16 | Build | Farm |
| 11:28 | Create | Villager (Male) |
| 11:47 | Create | Villager (Male) |
| 11:49 | Build | Blacksmith |
| 11:50 | Create | Archer |
| 12:16 | Build | Farm |
| 12:17 | Build | Farm |
| 12:23 | Create | Archer |
| 12:25 | Create | Villager (Male) |
| 12:37 | Build | Farm |
| 12:44 | Build | House |
| 12:50 | Research | Town Watch |
| 13:03 | Build | Farm |
| 13:05 | Build | Farm |
| 13:08 | Build | Farm |
| 13:15 | Create | Villager (Male) |
| 13:25 | Build | House |
| 13:32 | Create | Archer |
| 13:36 | Research | Fletching |
| 13:38 | Create | Villager (Male) |
| 13:52 | Build | Farm |
| 14:01 | Build | House |
| 14:02 | Build | Palisade Wall |
| 14:04 | Create | Villager (Male) |
| 14:06 | Research | Scale Mail Armor |
| 14:12 | Build | Farm |
| 14:22 | Create | Archer |
| 14:31 | Create | Villager (Male) |
| 14:35 | Create | Villager (Male) |
| 14:40 | Create | Villager (Male) |
| 14:52 | Build | Palisade Wall |
| 14:55 | Create | Villager (Male) |
| 14:56 | Create | Archer |
| 15:16 | Build | Palisade Wall |
| 15:23 | Create | Villager (Male) |
| 15:31 | Create | Villager (Male) |
| 15:35 | Build | Watch Tower |
| 15:52 | Create | Villager (Male) |
| 15:58 | Create | Skirmisher |
| 16:28 | Create | Villager (Male) |
| 16:33 | Create | Skirmisher |
| 16:34 | Create | Villager (Male) |
| 16:59 | Create | Villager (Male) |
| 17:03 | Build | Farm |
| 17:26 | Build | Lumber Camp |
| 17:43 | Build | Market |
| 18:03 | Create | Villager (Male) |
| 18:38 | Build | House |
| 18:48 | Build | House |
| 18:54 | Research | Castle Age |
| 19:26 | Create | Archer |
| 19:27 | Build | Farm |
| 19:30 | Build | House |
| 19:31 | Research | Horse Collar |
| 19:43 | Create | Archer |
| 19:47 | Research | Double-Bit Axe |
| 20:01 | Build | Farm |
| 20:03 | Build | Farm |
| 20:28 | Create | Skirmisher |
| 21:12 | Build | Farm |
| 21:16 | Build | Archery Range |
| 21:20 | Build | Farm |
| 21:25 | Create | Skirmisher |
| 21:34 | Age | Castle Age |
| 21:38 | Research | Bodkin Arrow |
| 21:44 | Create | Villager (Male) |
| 21:56 | Build | Town Center |
| 22:04 | Create | Villager (Male) |
| 22:09 | Research | Elite Skirmisher (upgrade) |
| 22:33 | Create | Villager (Male) |
| 22:35 | Build | Farm |
| 22:37 | Build | Farm |
| 22:49 | Create | Villager (Male) |
| 22:53 | Create | Skirmisher |
| 23:06 | Build | Monastery |
| 23:11 | Create | Skirmisher |
| 23:13 | Create | Villager (Male) |
| 23:27 | Create | Villager (Male) |
| 23:29 | Create | Villager (Male) |
| 23:30 | Create | Villager (Male) |
| 23:32 | Create | Skirmisher |
| 23:40 | Create | Skirmisher |
| 23:50 | Build | Farm |
| 23:51 | Build | Farm |
| 23:53 | Build | Farm |
| 23:54 | Build | Farm |
| 23:56 | Build | Farm |
| 23:57 | Build | Farm |
| 23:58 | Build | Farm |
| 24:00 | Create | Villager (Male) |
| 24:01 | Create | Monk |
| 24:07 | Create | Skirmisher |
| 24:27 | Create | Villager (Male) |
| 24:31 | Create | Villager (Male) |
| 24:35 | Create | Skirmisher |
| 24:48 | Create | Villager (Male) |
| 24:54 | Create | Villager (Male) |
| 24:57 | Build | Farm |
Match timeline
| 6:28 | Ergalim · first_building Barracks |
| 6:30 | mario ovalle · first_building Barracks |
| 7:22 | Ergalim · wall_segment Palisade Wall x1 |
| 7:22 | Ergalim · wall_segment Palisade Wall x1 |
| 7:23 | Ergalim · wall_segment Palisade Wall x1 |
| 7:24 | Ergalim · wall_segment Palisade Wall x1 |
| 7:42 | Ergalim · wall_segment Palisade Wall x1 |
| 7:44 | Ergalim · wall_segment Palisade Wall x1 |
| 8:52 | Ergalim · age_up feudal |
| 8:55 | Ergalim · first_building Archery Range |
| 9:07 | Ergalim · wall_segment Palisade Wall x1 |
| 9:09 | mario ovalle · wall_segment Palisade Wall x5 |
| 9:24 | mario ovalle · age_up feudal |
| 9:36 | mario ovalle · first_building Archery Range |
| 9:41 | mario ovalle · wall_segment Palisade Wall x1 |
| 9:43 | mario ovalle · wall_segment Palisade Wall x1 |
| 9:59 | mario ovalle · wall_segment Palisade Wall x1 |
| 10:01 | mario ovalle · wall_segment Palisade Wall x1 |
| 12:50 | mario ovalle · wall_segment Palisade Wall x9 |
| 14:02 | Ergalim · wall_segment Palisade Wall x2 |
| 14:52 | Ergalim · wall_segment Palisade Wall x3 |
| 15:16 | Ergalim · wall_segment Palisade Wall x1 |
| 18:29 | mario ovalle · wall_segment Palisade Wall x7 |
| 18:51 | Ergalim · first_market_sell 100 wood |
| 19:26 | mario ovalle · wall_segment Palisade Wall x5 |
| 20:57 | Ergalim · first_market_buy 100 stone |
| 21:17 | mario ovalle · wall_segment Palisade Wall x1 |
| 21:34 | Ergalim · age_up castle |
| 23:06 | Ergalim · first_building Monastery |
| 23:18 | mario ovalle · first_market_buy 100 food |
| 23:20 | mario ovalle · first_market_sell 100 wood |
| 23:56 | mario ovalle · wall_segment Palisade Wall x11 |
| 26:17 | mario ovalle · age_up castle |
| 26:30 | mario ovalle · first_building Siege Workshop |
| 29:05 | Ergalim · first_building Siege Workshop |
| 29:37 | mario ovalle · first_building Castle |
| 31:18 | Ergalim · first_building Castle |
| 37:38 | Ergalim · first_building Stable |
| 37:42 | Ergalim · age_up imperial |
| 37:51 | mario ovalle · resign |
[ AI ANALYSIS · 1 CREDIT ]
What really happened in this match?
Wolo.gg analyzes every decision: build order, eco, micro, common mistakes by bracket. Personalized analysis on WhatsApp or Discord in 30 seconds.
Civ guide
Muisca
Perfil
Jugador #289249